 Dungeon Crawl Stone Soup version 0.23.2-30-g0e89c35649 (webtiles) character file.

Game seed: 6718564389475573864

4238 Mrkan the Basher (level 10, 0/65 HPs)
             Began as a Gargoyle Fighter on June 24, 2019.
             Was a Priest of Ru.
             Slain by a yak (5 damage)
             ... on level 8 of the Dungeon.
             The game lasted 00:18:53 (7538 turns).

Mrkan the Basher (Gargoyle Fighter)                 Turns: 7538, Time: 00:18:54

Health: 0/65       AC: 18    Str: 22    XL:     10   Next: 30%
Magic:  10/10      EV:  6    Int:  8    God:    Ru [***...]
Gold:   436        SH: 11    Dex: 11    Spells: 9/9 levels left

rFire    . . .     SeeInvis .   y - +1 morningstar
rCold    . . .     Gourm    .   c - +0 shield
rNeg     + . .     Faith    .   B - +0 chain mail
rPois    ∞         Spirit   .   (no helmet)
rElec    +         Reflect  .   (no cloak)
rCorr    .         Harm     .   q - +0 pair of gloves
MR       .....                  e - +0 pair of boots
Stlth    ..........             (no amulet)
HPRegen  0.20/turn              (no ring)
MPRegen  0.12/turn              (no ring)

@: no status effects
A: negative energy resistance 1, electricity resistance, unbreathing,
petrification resistance, rot immunity, inability to use devices, no earth
magic, no necromancy magic, no translocations magic, AC +7
a: Draw Out Power, Renounce Religion


You were on level 8 of the Dungeon.
You worshipped Ru.
Ru was most pleased with you.
You were hungry.

You visited 2 branches of the dungeon, and saw 10 of its levels.

You collected 436 gold pieces.

Inventory:

Hand Weapons
 l - a +1 long sword of slicing
 y - a +1 morningstar (weapon)
Armour
 c - a +0 shield (worn)
 e - a +0 pair of boots (worn)
 q - a +0 pair of gloves (worn)
 B - a +0 chain mail (worn)
Jewellery
 i - an uncursed ring of protection from cold
 o - an uncursed ring of ice
Wands
 a - a wand of flame (18)
 m - a wand of scattershot (5)
 t - a wand of iceblast (12)
 v - a wand of polymorph (13)
Scrolls
 g - 3 scrolls of remove curse
 j - a scroll of fear
 r - 2 scrolls of magic mapping
 u - a scroll of silence {unknown}
 x - a scroll of blinking {unknown}
 z - 3 scrolls of identify
 E - a scroll of fog {unknown}
Potions
 d - a potion of might
 h - 3 potions of agility
 k - 2 potions of cancellation
 n - a potion of curing
 p - a potion of invisibility {unknown}
 w - a potion of flight {unknown}
 A - a potion of lignification {unknown}
 D - a potion of brilliance {unknown}
Comestibles
 f - 19 rations


   Skills:
 + Level 8.7 Fighting
 * Level 10.5 Maces & Flails
 - Level 3.2 Armour
 + Level 8.8 Shields


You had 9 spell levels left.
You didn't know any spells.
Your spell library contained the following spells:

 Spells                   Type           Power        Failure   Level  Hunger
 Confusing Touch          Hex            #.....       100%        1    ##.....
 Magic Dart               Conj           #...         100%        1    ##.....
 Shock                    Conj/Air       #...         100%        1    ##.....
 Summon Small Mammal      Summ           #...         100%        1    ##.....
 Call Imp                 Summ           #.......     100%        2    ###....
 Slow                     Hex            #.......     100%        2    ###....
 Swiftness                Chrm/Air       #.......     100%        2    ###....
 Conjure Flame            Conj/Fire      #.......     100%        3    ####...
 Mephitic Cloud           Conj/Pois/Air  #.......     100%        3    ####...
 Static Discharge         Conj/Air       #.......     100%        3    ####...
 Airstrike                Air            #.........   100%        4    #####..
 Lightning Bolt           Conj/Air       #.........   100%        5    ######.
 Animate Skeleton         Necr           Unusable     N/A         1    N/A
 Apportation              Tloc           Unusable     N/A         1    N/A
 Blink                    Tloc           Unusable     N/A         2    N/A

Dungeon Overview and Level Annotations

Branches:
Dungeon (9/15)             Temple (1/1) D:6
   Lair: D:8-11         Orc: D:9-12

Altars:
Ashenzari
Cheibriados
Dithmenos
Elyvilon
Fedhas
Gozag
Hepliaklqana
Kikubaaqudgha
Makhleb
Okawaru
Qazlal
Ru
Sif Muna
Trog
Uskayaw
Vehumet
Wu Jian
Xom
Yredelemnul
Zin
The Shining One

Shops:
D:6 *

Annotations:
D:8 1 runed translucent door, Mrkan's ghost, novice GrFi


Innate Abilities, Weirdness & Mutations

You are resistant to torment.
Your stone body is resilient. (AC +7)
You are immune to poison.
You resist negative energy. (rN+)
You are resistant to electric shocks. (rElec)
You can survive without breathing.
You are immune to petrification.
You are immune to rotting.
You cannot study or use magical devices.
You cannot study or cast Earth magic.
You cannot study or cast Necromancy magic.
You cannot study or cast Translocations magic.


Message History

The yak barely misses you.
You hit the yak.
The yak is heavily wounded.
You block the yak's attack. The yak barely misses you.
You block the yak's attack.
You sock the yak!
The yak is severely wounded.
The yak gores you!
* * * LOW HITPOINT WARNING * * *
You block the yak's attack. The yak gores you.
* * * LOW HITPOINT WARNING * * *
You puncture the yak!
The yak is almost dead.
You block the yak's attack. The yak gores you.
* * * LOW HITPOINT WARNING * * *
The yak gores you but does no damage.
You completely miss the yak.
The yak is almost dead.
The yak gores you.
You die...

c≈≈≈≈≈≈..### #..'.# .≈≈≈≈≈≈≈...##
#.##.# #### .≈≈≈≈≈≈≈≈≈..# #(#≈_#
###(.( ..≈≈≈≈≈≈≈≈≈.## #.#######
##...## ..≈≈≈≈≈≈≈≈≈..#
#..##...####..###.
..≈≈≈≈≈≈≈≈≈≈.###.......#....##...
..≈≈≈≈≈≈≈≈≈≈.............###...##
.≈≈≈≈≈≈≈≈≈≈≈####YY.....#####....#
≈≈≈≈≈≈≈≈≈≈≈≈# #@Y.....# ##......
≈≈≈≈≈≈≈≈≈≈≈## ###########.>#...#
≈≈≈≈≈≈≈≈...## ### ##...####.#
≈≈≈######..## #.# #..### #.# ≈≈#
##..# #.# #.## #.. #.# ##.#
#.####.# ### #.###### #.##
#......# # #.##...# #..# #.####.#
#......# ##.# #......####


You could see 3 yaks.

Vanquished Creatures
  A hornet (D:9)
  A spriggan (D:7)
  A wyvern (D:8)
  9 yaks
  A hungry ghost (D:7)
  Duvessa (D:4)
  4 ogres
  A bullfrog (D:8)
  A gnoll sergeant (D:7)
  Dowan (D:4)
  12 killer bees
  2 crimson imps (D:5)
  A centaur zombie (D:6)
  2 bullfrog zombies (D:5)
  8 orc wizards
  3 hounds
  An orc priest (D:6)
  A bullfrog skeleton (D:9)
  4 worker ants
  2 iguanas
  Ijyb (D:4)
  A hound zombie (D:6)
  A hound skeleton (D:5)
  A howler monkey zombie (D:8)
  Robin (D:4)
  A worker ant zombie (D:6)
  A howler monkey skeleton (D:5)
  15 adders
  19 gnolls
  A shadow imp (D:8)
  An adder skeleton (D:4)
  2 worms (D:2)
  A dart slug (D:3)
  4 leopard geckos
  25 orcs
  2 ball pythons
  6 giant cockroaches
  15 goblins
  7 hobgoblins
  11 jackals
  A quokka (D:6)
  7 bats
  3 frilled lizards
  A jackal zombie (D:7)
  6 kobolds
  A quokka skeleton (D:3)
  8 rats
200 creatures vanquished.

Vanquished Creatures (others)
  A centaur (D:8)
  An orc (D:8)
  11 bushes (D:7)
13 creatures vanquished.

Grand Total: 213 creatures vanquished

Notes
Turn   | Place    | Note
-------+----------+-------------------------------------------
     0 | D:1      | Mrkan the Gargoyle Fighter began the quest for the Orb.
     0 | D:1      | Reached XP level 1. HP: 14/14 MP: 1/1
   328 | D:1      | Reached XP level 2. HP: 4/19 MP: 2/2
   690 | D:1      | Reached XP level 3. HP: 23/23 MP: 3/3
  1165 | D:2      | Reached skill level 3 in Maces & Flails
  1277 | D:2      | Reached XP level 4. HP: 29/29 MP: 4/4
  1687 | D:3      | Reached XP level 5. HP: 23/33 MP: 5/5
  1711 | D:3      | Found a hazy altar of Hepliaklqana.
  1868 | D:3      | Reached skill level 4 in Maces & Flails
  2150 | D:4      | Noticed Robin
  2194 | D:4      | Killed Robin
  2194 | D:4      | Reached XP level 6. HP: 32/39 MP: 6/6
  2219 | D:4      | Noticed Duvessa
  2246 | D:4      | Killed Duvessa
  2246 | D:4      | Reached skill level 5 in Maces & Flails
  2307 | D:4      | Noticed Dowan
  2325 | D:4      | Killed Dowan
  2325 | D:4      | Reached skill level 5 in Shields
  2498 | D:4      | Noticed Ijyb
  2511 | D:4      | Killed Ijyb
  2511 | D:4      | Reached skill level 5 in Fighting
  2511 | D:4      | Reached XP level 7. HP: 27/44 MP: 7/7
  2760 | D:4      | Found a basalt altar of Yredelemnul.
  2821 | D:4      | You fall through a shaft for 3 floors!
  2849 | D:6      | Found a staircase to the Ecumenical Temple.
  2858 | Temple   | Entered the Ecumenical Temple
  2891 | Temple   | Became a worshipper of Ru the Awakened
  3174 | D:6      | Found a hazy altar of Hepliaklqana.
  3311 | D:6      | Found Kobloe's Assorted Antiques.
  3321 | D:6      | Reached skill level 6 in Maces & Flails
  3823 | D:5      | Entered Level 5 of the Dungeon
  3882 | D:5      | Reached XP level 8. HP: 51/51 MP: 8/8
  3927 | D:5      | Gained mutation: You cannot study or cast Earth magic. [Ru
                  | sacrifice]
  3927 | D:5      | Gained mutation: You cannot study or cast Necromancy magic.
                  | [Ru sacrifice]
  3927 | D:5      | Gained mutation: You cannot study or cast Translocations
                  | magic. [Ru sacrifice]
  3927 | D:5      | Reached * piety under Ru
  4078 | D:5      | Reached skill level 7 in Maces & Flails
  4102 | D:5      | Found a stormy altar of Qazlal.
  4197 | D:5      | Found a bloodstained altar of Trog.
  4427 | D:4      | Found a shimmering altar of Xom.
  4706 | D:7      | Noticed a spriggan baker
  5166 | D:7      | Found a white marble altar of Elyvilon.
  5554 | D:7      | Reached skill level 8 in Maces & Flails
  5598 | D:7      | Killed a spriggan baker
  5598 | D:7      | Reached XP level 9. HP: 22/57 MP: 9/9
  6234 | D:8      | Found a runed translucent door.
  6234 | D:8      | Noticed Mrkan's ghost (novice GrFi)
  6290 | D:8      | Reached skill level 9 in Maces & Flails
  6790 | D:8      | Gained mutation: You cannot study or use magical devices.
                  | [Ru sacrifice]
  6790 | D:8      | Reached ** piety under Ru
  6790 | D:8      | Reached *** piety under Ru
  6969 | D:8      | Found a blossoming altar of Fedhas.
  6969 | D:8      | Found a radiant altar of Vehumet.
  7203 | D:9      | Noticed a hornet
  7211 | D:9      | Reached skill level 10 in Maces & Flails
  7211 | D:9      | Reached XP level 10. HP: 45/64 MP: 10/10
  7538 | D:8      | Slain by a yak

Skill      XL: |  1  2  3  4  5  6  7  8  9 |
---------------+----------------------------+-----
Maces & Flails | 3 4 5 6 8 10 | 10.5
Fighting       | 4 5 7 8 |  8.7
Shields        | 4 5 7 8 |  8.8
Armour         | |  3.2

Action                   |  1- 3 |  4- 6 |  7- 9 | 10-12 || total
-------------------------+-------+-------+-------+-------++-------
Melee: Flail             |   124 |   212 |    52 |       ||   388
       Unarmed           |       |    18 |       |       ||    18
       Morningstar       |       |       |   472 |    52 ||   524
Invok: Sacrifice Arcana  |       |       |     1 |       ||     1
       Draw Out Power    |       |       |     1 |     1 ||     2
       Sacrifice Artific |       |       |     1 |       ||     1
  Use: Potion            |       |     2 |     3 |     1 ||     6
       Scroll            |       |       |    15 |       ||    15
 Stab: Distracted        |       |       |     3 |       ||     3
       Invisible         |       |       |     1 |     1 ||     2
  Eat: Chunk             |     1 |     5 |    13 |     1 ||    20
       Ration            |       |       |     2 |       ||     2
Armor: Scale mail        |    53 |   146 |   339 |       ||   538
       Skin              |       |    10 |       |       ||    10
       Chain mail        |       |       |    55 |    30 ||    85
Dodge: Dodged            |    36 |   122 |   223 |    10 ||   391
Block: Shield            |    65 |   123 |   396 |    36 ||   620
